[Event "Titled Tuesday Blitz March 08 Early 2022"]
[White "Paravyan, David"]
[Black "Leiva, Gianmarco"]
[WhiteFideId "4194985"]
[BlackFideId "3804399"]
[WhiteElo "2569"]
[BlackElo "2311"]
[Result "0-1"]
[Round "03"]
[TimeControl "180+1"]
[Date "2022.03.08"]
[WhiteClock "0:00:01"]
[BlackClock "0:00:16"]

1. e4 c5 2. Nf3 d6 3. d4 cxd4 4. Nxd4 Nf6 5. Nc3 a6 6. Bg5 e6 7. f4 Be7 8. Qf3 Qc7 9. O-O-O Nbd7 10. g4 h6 11. Bxf6 Bxf6 12. h4 Nb6 13. g5 Bxd4 14. Rxd4 Qc5 15. Rd1 Bd7 16. Kb1 O-O-O 17. Bd3 Bc6 18. Qg4 hxg5 19. hxg5 g6 20. Rxh8 Rxh8 21. f5 Qe5 22. Ne2 Kb8 23. fxg6 fxg6 24. Nf4 Na4 25. c3 Rh2 26. Ne2 Nc5 27. Bc2 Bxe4 28. Bxe4 Nxe4 29. Re1 Nc5 30. Qf3 Ka7 31. a3 Qxg5 32. Nf4 Qf5+ 33. Ka2 g5 34. Qd1 Qxf4 35. Rf1 Qc4+ 36. Kb1 Nd3 0-1


[Site "https://www.chess.com"]

[Event "Titled Tuesday Blitz March 08 Early 2022"]
[White "Pein, Jonathan"]
[Black "Viskelis, Darius"]
[WhiteFideId "417092"]
[BlackFideId "12800830"]
[WhiteElo "2140"]
[BlackElo "1978"]
[Result "1-0"]
[Round "03"]
[TimeControl "180+1"]
[Date "2022.03.09"]
[WhiteClock "0:00:19"]
[BlackClock "0:00:28"]

1. e4 Nc6 2. d4 d5 3. exd5 Qxd5 4. Nf3 e5 5. c4 Qe4+ 6. Be2 Nxd4 7. Nxd4 Qxd4 8. Nd2 Nf6 9. O-O Be7 10. Qa4+ Bd7 11. Qb3 Bc6 12. Nf3 Qg4 13. h3 Qg6 14. Re1 O-O 15. Be3 Nh5 16. Rad1 Nf4 17. Bxf4 exf4 18. Bd3 f5 19. Bf1 Bb4 20. c5+ Kh8 21. Re6 Bxf3 22. Rxg6 Bxd1 23. Qxb4 hxg6 24. Qxf4 Rae8 25. f3 Be2 26. Bxe2 Rxe2 27. Qh4+ Kg8 28. Qc4+ Kh7 29. Qxe2 Rd8 30. Qe7 Rd2 31. b4 Rxa2 32. Qxc7 b6 33. cxb6 axb6 34. Qxb6 Ra1+ 35. Kh2 f4 36. Qd4 Ra2 37. Qxf4 g5 38. Qe4+ Kh6 39. Qe6+ 1-0


[Site "https://www.chess.com"]

[Event "Titled Tuesday Blitz March 08 Early 2022"]
[White "Pinheiro, Iung Alicio de O."]
[Black "Muradov, Soltan"]
[WhiteFideId "2104350"]
[BlackFideId "14002108"]
[WhiteElo "2569"]
[BlackElo "1854"]
[Result "0-1"]
[Round "03"]
[TimeControl "180+1"]
[Date "2022.03.09"]
[WhiteClock "0:00:15"]
[BlackClock "0:00:17"]

1. c4 e5 2. g3 c6 3. d4 d6 4. Bg2 Nf6 5. Nc3 Be7 6. e3 O-O 7. Nge2 Be6 8. b3 Ne8 9. O-O f5 10. d5 cxd5 11. Nxd5 Nc6 12. Nec3 Nf6 13. Nxe7+ Qxe7 14. Ba3 Rad8 15. Nb5 Ne8 16. Qh5 a6 17. Nc3 Qf7 18. Qxf7+ Rxf7 19. Rfd1 e4 20. f4 Rfd7 21. Bf1 Nf6 22. h3 g6 23. Rd2 d5 24. cxd5 Nxd5 25. Bc4 Nc7 26. Rxd7 Rxd7 27. Be2 b5 28. Rd1 b4 29. Rxd7 Bxd7 30. Bc4+ Be6 31. Be2 bxa3 32. Nb1 Nb4 33. Nxa3 Nxa2 34. Bc4 Bxc4 35. Nxc4 Nc1 36. b4 Nd3 37. Kf1 Nxb4 38. Ke2 Kf7 39. g4 Ke6 40. Kd2 Ncd5 41. Na5 fxg4 42. hxg4 h5 43. gxh5 gxh5 44. Ke2 Kf5 45. Kf2 h4 46. Nc4 h3 47. Nd6+ Kg4 48. Nxe4 Nd3+ 49. Kg1 Nxe3 50. Kh2 Nxf4 51. Nc5 a5 52. Na4 Nc4 53. Nc5 Kf3 54. Nb3 a4 55. Nd4+ Ke3 56. Nc2+ Kd2 57. Nb4 a3 58. Na2 Kc2 59. Kh1 Kb3 60. Nc1+ Kb2 61. Na2 Kxa2 62. Kh2 Kb2 63. Kg3 h2 64. Kxh2 a2 65. Kg3 Nd3 66. Kg4 a1=Q 67. Kf5 Qe1 68. Kf6 Kc3 69. Kf7 Kd4 70. Kf6 Qe4 71. Kf7 Ncb2 72. Kf8 Nc1 73. Kf7 Nb3 74. Kf8 Na1 75. Kf7 Qd5+ 76. Kf8 Qb7 77. Ke8 Ke5 78. Kd8 Kd6 79. Ke8 Qe7# 0-1


[Site "https://www.chess.com"]

[Event "Titled Tuesday Blitz March 08 Early 2022"]
[White "Polster, Christian"]
[Black "Kamara, Ansumana"]
[WhiteFideId "12965081"]
[BlackFideId "1622218"]
[WhiteElo "2284"]
[BlackElo "1935"]
[Result "1-0"]
[Round "03"]
[TimeControl "180+1"]
[Date "2022.03.09"]
[WhiteClock "0:00:54"]
[BlackClock "0:01:52"]

1. e4 c5 2. Nc3 d6 3. Nge2 Nc6 4. d4 cxd4 5. Nxd4 Nxd4 6. Qxd4 e5 7. Bb5+ Bd7 8. Qd3 Nf6 9. Bg5 Be7 10. Bxf6 gxf6 11. O-O-O Bc6 12. Nd5 a6 13. Bc4 Bxd5 14. Bxd5 Qc7 15. Qh3 O-O 16. Rd3 b5 17. Qh6 Rac8 18. Rg3+ Kh8 19. Qg7# 1-0


[Site "https://www.chess.com"]

[Event "Titled Tuesday Blitz March 08 Early 2022"]
[White "Ptacnikova, Lenka"]
[Black "Musovic, Armin"]
[WhiteFideId "305650"]
[BlackFideId "939935"]
[WhiteElo "1923"]
[BlackElo "2283"]
[Result "1/2-1/2"]
[Round "03"]
[TimeControl "180+1"]
[Date "2022.03.09"]
[WhiteClock "0:00:17"]
[BlackClock "0:00:12"]

1. c4 e5 2. g3 Nf6 3. Bg2 c6 4. Nf3 e4 5. Nd4 d5 6. cxd5 cxd5 7. O-O Nc6 8. Nxc6 bxc6 9. d3 exd3 10. Qxd3 Be7 11. Be3 O-O 12. Nc3 a5 13. Na4 Ba6 14. Qc2 Rc8 15. Bc5 Re8 16. Rfe1 Bb5 17. Bxe7 Bxa4 18. Bxd8 Bxc2 19. Bxa5 c5 20. e3 h5 21. Bc3 Ne4 22. Rec1 Bd3 23. Rd1 c4 24. Bd4 h4 25. Bf1 Bxf1 26. Kxf1 h3 27. a4 Ng5 28. Ke2 Ne6 29. Bb6 Rc6 30. a5 Rd6 31. Bd4 Rb8 32. Bc3 Ra8 33. Ra3 f6 34. Rda1 Raa6 35. Rd1 Kf7 36. b3 cxb3 37. Rxb3 Nc5 38. Rb5 Ne4 39. Be1 Ke6 40. f3 Ng5 41. Bb4 Rd7 42. Rb6+ Rxb6 43. axb6 Rb7 44. Bc5 Nf7 45. e4 dxe4 46. fxe4 g6 47. Ke3 f5 48. exf5+ Kxf5 49. Ra1 Ke5 50. Ra7 Nd8 51. Be7 Rb8 52. Rd7 Nb7 53. Rc7 Ke6 54. Kf4 Na5 55. Bc5 Kd5 56. Kg4 Nc4 57. Kxh3 Ne5 58. Kh4 Rh8+ 59. Kg5 Rxh2 60. b7 Rb2 61. Rg7 Ke6 62. Bd4 Rb5 63. Bxe5 Rxe5+ 64. Kxg6 Rb5 65. Rc7 Rb4 66. g4 Rxg4+ 67. Kh5 Rb4 68. Kg5 Kd6 69. Rg7 Kc6 70. Rf7 Rb5+ 71. Rf5 Rxb7 72. Rf6+ Kd5 73. Rf5+ 1/2-1/2


[Site "https://www.chess.com"]

[Event "Titled Tuesday Blitz March 08 Early 2022"]
[White "Qashashvili, Alexandre"]
[Black "Fajdetic, Hrvoje"]
[WhiteFideId "13600842"]
[BlackFideId "14501945"]
[WhiteElo "2316"]
[BlackElo "2172"]
[Result "0-1"]
[Round "03"]
[TimeControl "180+1"]
[Date "2022.03.09"]
[WhiteClock "0:01:19"]
[BlackClock "0:00:05"]

1. e4 e6 2. Nc3 d5 3. exd5 exd5 4. d3 c6 5. Nf3 Bd6 6. Bg5 Ne7 7. Be2 f6 8. Bh4 O-O 9. Bg3 Bg4 10. Bxd6 Qxd6 11. h3 Bh5 12. O-O Nd7 13. Nd4 Bxe2 14. Qxe2 Rfe8 15. Qe6+ Qxe6 16. Nxe6 Rac8 17. Rfe1 Nf5 18. Nf4 g5 19. Nfe2 Kf7 20. Kf1 h5 21. Ng3 Ng7 22. Rxe8 Rxe8 23. Re1 Rxe1+ 24. Kxe1 h4 25. Nge2 Ne6 26. d4 Kg6 27. Kd2 f5 28. Ke3 Nf6 29. f4 g4 30. a3 Ne4 31. Nxe4 dxe4 32. hxg4 fxg4 33. Kxe4 Ng7 34. c4 Nf5 35. d5 h3 36. gxh3 gxh3 37. dxc6 h2 38. c7 h1=Q+ 39. Ke5 Qc6 40. Nd4 Qxc7+ 41. Kd5 Qd7+ 42. Kc5 Qxd4+ 43. Kb4 Qxb2+ 44. Ka4 Nd4 45. f5+ Kxf5 46. c5 Qb5# 0-1


[Site "https://www.chess.com"]

[Event "Titled Tuesday Blitz March 08 Early 2022"]
[White "Quirke, Jeffrey"]
[Black "Havas, Ladislav"]
[WhiteFideId "2013029"]
[BlackFideId "14501090"]
[WhiteElo "2115"]
[BlackElo "2206"]
[Result "0-1"]
[Round "03"]
[TimeControl "180+1"]
[Date "2022.03.09"]
[WhiteClock "0:00:11"]
[BlackClock "0:02:00"]

1. c4 Nf6 2. g3 g6 3. Bg2 Bg7 4. Nf3 O-O 5. O-O d6 6. Nc3 c6 7. d3 Qa5 8. Rb1 Qh5 9. h4 h6 10. Bd2 e5 11. Qc2 Ng4 12. b4 f5 13. b5 f4 14. Ne4 d5 15. cxd5 cxd5 16. Qb3 Be6 17. Nc5 Bf7 18. Nxb7 e4 19. Bxf4 exf3 20. Bxf3 Nd7 21. Nd6 Be6 22. e4 Rxf4 23. gxf4 Qxh4 24. Bxg4 Qxg4+ 25. Kh2 Qxf4+ 0-1


[Site "https://www.chess.com"]

[Event "Titled Tuesday Blitz March 08 Early 2022"]
[White "Rangel, Daniel"]
[Black "Golsta, Madara"]
[WhiteFideId "2124475"]
[BlackFideId "11607386"]
[WhiteElo "2225"]
[BlackElo "1997"]
[Result "0-1"]
[Round "03"]
[TimeControl "180+1"]
[Date "2022.03.09"]
[WhiteClock "0:00:27"]
[BlackClock "0:01:15"]

1. e4 c5 2. Nf3 d6 3. d4 cxd4 4. Nxd4 Nf6 5. Nc3 g6 6. g3 Bg7 7. Bg2 Nc6 8. O-O O-O 9. h3 Bd7 10. Be3 Rc8 11. Nb3 Na5 12. Bxa7 Nc4 13. Bd4 Nxb2 14. Qe2 Nc4 15. Nd5 Bb5 16. Nxf6+ Bxf6 17. Bxf6 exf6 18. Qd1 Na3 19. Nd4 Bxf1 20. Kxf1 Qb6 21. Kg1 Qb2 22. Nf3 Rxc2 23. Nh4 Rfc8 24. Kh2 Rxf2 25. Qg1 Rcc2 26. Rd1 Nc4 27. a4 Ne3 28. Rxd6 Rxg2+ 0-1


[Site "https://www.chess.com"]

[Event "Titled Tuesday Blitz March 08 Early 2022"]
[White "Rodchenkov, Sergey D."]
[Black "Dejmek, Mark"]
[WhiteFideId "4168712"]
[BlackFideId "2017628"]
[WhiteElo "2306"]
[BlackElo "2250"]
[Result "1-0"]
[Round "03"]
[TimeControl "180+1"]
[Date "2022.03.09"]
[WhiteClock "0:00:54"]
[BlackClock "0:00:43"]

1. e4 e5 2. Nf3 Nc6 3. Bc4 Bc5 4. d3 Nf6 5. O-O d6 6. Nbd2 O-O 7. c3 a6 8. a4 Ba7 9. h3 Ne7 10. d4 Ng6 11. Re1 c6 12. Bd3 Re8 13. Nf1 exd4 14. cxd4 c5 15. d5 Nd7 16. Bc2 b5 17. Kh1 b4 18. Ne3 c4 19. Nxc4 Bxf2 20. Rf1 Bc5 21. Ng5 Nde5 22. Qh5 h6 23. Nxf7 Nxf7 24. Qxg6 Rf8 25. e5 Nxe5 26. Qh7# 1-0


[Site "https://www.chess.com"]

[Event "Titled Tuesday Blitz March 08 Early 2022"]
[White "Roebers, Jan"]
[Black "Shukhman, Anna"]
[WhiteFideId "1007815"]
[BlackFideId "54180058"]
[WhiteElo "2125"]
[BlackElo "1665"]
[Result "1/2-1/2"]
[Round "03"]
[TimeControl "180+1"]
[Date "2022.03.09"]
[WhiteClock "0:00:23"]
[BlackClock "0:00:25"]

1. e4 c5 2. d4 cxd4 3. c3 dxc3 4. Nxc3 Nc6 5. Nf3 d6 6. Bc4 e6 7. O-O Be7 8. Qe2 Nf6 9. Rd1 e5 10. h3 O-O 11. Be3 Be6 12. Rac1 Rc8 13. Bb5 Qa5 14. a3 a6 15. Bd3 b5 16. Bg5 h6 17. Bxf6 Bxf6 18. Bb1 Bc4 19. Qc2 Nd4 20. Nxd4 exd4 21. Nd5 Bxd5 22. Qxc8 Rxc8 23. Rxc8+ Kh7 24. exd5+ g6 25. Rc6 Be5 26. g3 Qa4 27. Bc2 Qa5 28. f4 d3 29. fxe5 dxc2 30. Rxc2 Qb6+ 31. Kh2 Kg7 32. e6 fxe6 33. dxe6 Kf6 34. Re1 Ke7 35. Kg2 Qd4 36. Rf2 Qd5+ 37. Kh2 Qd4 38. Rf7+ Ke8 39. Re2 Qd3 40. Rff2 Ke7 41. Rf7+ Ke8 42. Rff2 Ke7 43. Rf7+ Ke8 1/2-1/2


[Site "https://www.chess.com"]

[Event "Titled Tuesday Blitz March 08 Early 2022"]
[White "Roman, Rodrigo"]
[Black "Romanchuk, Viktor"]
[WhiteFideId "3701220"]
[BlackFideId "14109271"]
[WhiteElo "2001"]
[BlackElo "2242"]
[Result "1-0"]
[Round "03"]
[TimeControl "180+1"]
[Date "2022.03.09"]
[WhiteClock "0:00:44"]
[BlackClock "0:01:13"]

1. e4 e6 2. d4 d5 3. exd5 exd5 4. Nf3 Bd6 5. Bd3 Ne7 6. O-O Nbc6 7. Re1 Bg4 8. c3 Qd7 9. b4 O-O-O 10. a4 Ng6 11. Qc2 Bxf3 12. Bf5 Be4 13. Bxd7+ Rxd7 14. Qd1 Nh4 15. f3 Bg6 16. Nd2 Rdd8 17. Nf1 Rde8 18. Rxe8+ Rxe8 19. Be3 Nb8 20. a5 Nd7 21. b5 Nf5 22. Bf2 Nb8 23. Qd2 h6 24. Ng3 Ne7 25. Re1 Rd8 26. Be3 a6 27. bxa6 Nxa6 28. Bf4 Nc6 29. Bxd6 Rxd6 30. Re8+ Nd8 31. Qe3 Nb8 32. Qe7 Nc6 33. Qf8 Nxa5 34. f4 Bd3 35. f5 Bb5 36. Re7 Rf6 37. Qxg7 Ra6 38. Qh8 Nc6 39. Rxf7 Ra1+ 40. Kf2 Ra2+ 41. Kf3 Ba4 42. Kg4 Rxg2 43. Kh3 Rc2 44. Rf8 Rxc3 45. f6 Bb5 46. f7 Bf1+ 47. Kh4 Rf3 48. Rxd8+ Nxd8 49. f8=Q Rxf8 50. Qxf8 1-0


[Site "https://www.chess.com"]

[Event "Titled Tuesday Blitz March 08 Early 2022"]
[White "Rosenberg, Evan S"]
[Black "Necula, Iulian"]
[WhiteFideId "2019299"]
[BlackFideId "1232380"]
[WhiteElo "2283"]
[BlackElo "1776"]
[Result "0-1"]
[Round "03"]
[TimeControl "180+1"]
[Date "2022.03.09"]
[WhiteClock "0:00:01"]
[BlackClock "0:01:41"]

1. Nf3 d6 2. d4 f5 3. g3 Nf6 4. d5 g6 5. Bg2 Bg7 6. c4 O-O 7. h4 c6 8. h5 Nxh5 9. Rxh5 gxh5 10. Nc3 Qe8 11. Qc2 Na6 12. a3 Nc5 13. Be3 e5 14. Bxc5 dxc5 15. O-O-O e4 16. Nh4 Bd7 17. e3 a6 18. Ne2 b5 19. Nf4 bxc4 20. dxc6 Bxc6 21. Qxc4+ Kh8 22. Ne6 Qf7 23. Bf1 Bb5 24. Qd5 Qf6 25. Nxg7 Qxg7 26. Nxf5 Qf7 27. Qxf7 Rxf7 28. Nd6 Rxf2 29. Bxb5 axb5 30. Nxb5 Rf3 31. Rh1 Rxg3 32. Rxh5 Rxe3 33. Nd6 Kg7 34. Rxc5 Re1+ 35. Kd2 Rb1 0-1


[Site "https://www.chess.com"]

[Event "Titled Tuesday Blitz March 08 Early 2022"]
[White "Rozhkov, Viacheslav"]
[Black "Alonso Rosell, Alvar"]
[WhiteFideId "4181484"]
[BlackFideId "2270544"]
[WhiteElo "2324"]
[BlackElo "2474"]
[Result "0-1"]
[Round "03"]
[TimeControl "180+1"]
[Date "2022.03.09"]
[WhiteClock "0:00:10"]
[BlackClock "0:02:15"]

1. e4 e5 2. Nf3 Nc6 3. d4 exd4 4. Bc4 Nf6 5. e5 Ne4 6. O-O d5 7. Bb5 Bc5 8. Bxc6+ bxc6 9. Nxd4 O-O 10. Nxc6 Qh4 11. g3 Nxg3 12. hxg3 Qxg3+ 13. Kh1 Qh3+ 14. Kg1 Bg4 15. Qd3 Bf3 0-1


[Site "https://www.chess.com"]

[Event "Titled Tuesday Blitz March 08 Early 2022"]
[White "Rudzinska, Michalina"]
[Black "Dounis, Alexandros"]
[WhiteFideId "1172883"]
[BlackFideId "4213238"]
[WhiteElo "1904"]
[BlackElo "2204"]
[Result "1-0"]
[Round "03"]
[TimeControl "180+1"]
[Date "2022.03.09"]
[WhiteClock "0:01:15"]
[BlackClock "0:00:16"]

1. e4 e5 2. Nf3 Nc6 3. Nc3 Bc5 4. Nxe5 Nxe5 5. d4 Bd6 6. dxe5 Bxe5 7. Bd3 Nf6 8. O-O d6 9. Ne2 d5 10. f4 Bd6 11. e5 Bc5+ 12. Kh1 Ng4 13. Qe1 O-O 14. h3 Ne3 15. Bxe3 Bxe3 16. Qg3 Bc5 17. f5 f6 18. e6 Qe7 19. Qg4 Bd6 20. Rae1 b6 21. Nf4 Bb7 22. Ng6 Qe8 23. Nxf8 Qxf8 24. h4 Re8 25. Rf3 c5 26. c3 Re7 27. Rh3 Qb8 28. c4 dxc4 29. Qxc4 Qa8 30. Be4 Be5 31. Bxb7 Qxb7 32. Rd1 Qb8 33. Rd7 Qe8 34. Qd5 Bc7 35. Rd3 Kf8 36. Rxe7 Qxe7 37. Qd7 Be5 38. Qc8+ Qe8 39. Rd8 1-0


[Site "https://www.chess.com"]

[Event "Titled Tuesday Blitz March 08 Early 2022"]
[White "Rychagov, Andrey"]
[Black "Odegov, Artem"]
[WhiteFideId "4119932"]
[BlackFideId "34183644"]
[WhiteElo "2500"]
[BlackElo "2286"]
[Result "1-0"]
[Round "03"]
[TimeControl "180+1"]
[Date "2022.03.09"]
[WhiteClock "0:01:20"]
[BlackClock "0:00:01"]

1. d4 Nf6 2. c4 c5 3. d5 e6 4. Nc3 exd5 5. cxd5 d6 6. Nf3 g6 7. Qa4+ Nbd7 8. Bf4 Be7 9. e3 O-O 10. Be2 Nb6 11. Qd1 Bf5 12. a4 a5 13. O-O Ne4 14. Ne1 Bf6 15. Rc1 Nxc3 16. bxc3 Qd7 17. Bb5 Qe7 18. c4 Bd7 19. Qb3 Bxb5 20. Qxb5 Ra6 21. Nf3 Rd8 22. Nd2 Qd7 23. Ne4 Be7 24. Bxd6 Qxd6 25. Nxd6 Bxd6 26. Rb1 Bc7 27. e4 Be5 28. Qxc5 1-0


[Site "https://www.chess.com"]

[Event "Titled Tuesday Blitz March 08 Early 2022"]
[White "Sadhwani, Raunak"]
[Black "Vogel, Roven"]
[WhiteFideId "35093487"]
[BlackFideId "12908088"]
[WhiteElo "2616"]
[BlackElo "2516"]
[Result "1/2-1/2"]
[Round "03"]
[TimeControl "180+1"]
[Date "2022.03.08"]
[WhiteClock "0:00:17"]
[BlackClock "0:01:45"]

1. d4 d5 2. Nf3 Nf6 3. Bf4 c5 4. e3 Nc6 5. Nbd2 cxd4 6. exd4 Bf5 7. c3 e6 8. Be2 Bd6 9. Bxd6 Qxd6 10. O-O h6 11. Re1 O-O 12. Bf1 Ne4 13. Nxe4 Bxe4 14. Bd3 Bxf3 15. Qxf3 Rab8 16. a4 a6 17. Qe2 Rfc8 18. h4 Re8 19. h5 e5 20. dxe5 Rxe5 21. Qg4 Rbe8 22. Rxe5 Nxe5 23. Qf5 Nxd3 24. Qxd3 Qe5 25. Qf3 Qe4 26. Qxe4 Rxe4 27. Kf1 Rh4 28. Ra3 Rxh5 29. Rb3 Rh4 30. Rxb7 Rxa4 31. Rb6 d4 32. cxd4 Rxd4 33. Rxa6 Rb4 34. Ra2 h5 35. Ke2 g5 36. Kd3 h4 37. f3 g4 38. fxg4 Rxg4 39. b3 Kf8 40. Re2 f5 41. Kc3 Kf7 42. b4 h3 43. gxh3 Rg3+ 44. Kc4 Rxh3 45. b5 Rh4+ 46. Kc5 Kf6 47. b6 Rh8 48. b7 f4 49. Rb2 Rb8 50. Kd5 Kf5 51. Rb3 Kg4 52. Ke4 f3 53. Ke3 Kg3 54. Rb6 Re8+ 55. Kd2 f2 56. Rg6+ Kh2 57. Rh6+ Kg2 58. Rg6+ Kh2 59. Rh6+ Kg2 60. Rg6+ Kh2 1/2-1/2


[Site "https://www.chess.com"]

[Event "Titled Tuesday Blitz March 08 Early 2022"]
[White "Safarli, Eltaj"]
[Black "Shyaamnikhil P"]
[WhiteFideId "13402129"]
[BlackFideId "5024218"]
[WhiteElo "2634"]
[BlackElo "2329"]
[Result "1-0"]
[Round "03"]
[TimeControl "180+1"]
[Date "2022.03.08"]
[WhiteClock "0:00:09"]
[BlackClock "0:00:11"]

1. e4 e5 2. Nf3 Nc6 3. Bb5 a6 4. Ba4 Nf6 5. Nc3 Be7 6. Bxc6 dxc6 7. h3 Nd7 8. d3 f6 9. O-O Nf8 10. Ne2 Be6 11. Ng3 Qd7 12. c3 c5 13. Be3 O-O-O 14. d4 exd4 15. cxd4 cxd4 16. Nxd4 c5 17. Rc1 Kb8 18. Nxe6 Qxd1 19. Rfxd1 Nxe6 20. Nf5 Rxd1+ 21. Rxd1 Rd8 22. Rd5 Bf8 23. Kf1 Kc7 24. Ke2 Kc6 25. Rxd8 Nxd8 26. g4 Nf7 27. h4 g6 28. Ng3 Ne5 29. f3 Bd6 30. Nf1 b5 31. Bd2 Nc4 32. Bc3 Be5 33. Bxe5 fxe5 34. b3 Nb6 35. Ne3 c4 36. b4 a5 37. bxa5 Na4 38. Nd5 Kb7 39. Nb4 Nc5 40. Ke3 Na6 41. a3 Nc5 42. f4 exf4+ 43. Kxf4 Nb3 44. e5 Nxa5 45. e6 Kc7 46. Ke5 Kd8 47. Kf6 Ke8 48. Nd5 Nc6 49. Nc7+ Kd8 50. Nxb5 Ne7 51. Ke5 Nc8 52. a4 Ne7 53. Kd6 Nc8+ 54. Kc5 Ke7 55. Kxc4 Kxe6 56. a5 h5 57. gxh5 gxh5 58. Kc5 Kd7 59. a6 Ke6 60. Kc6 Ne7+ 61. Kb7 1-0


[Site "https://www.chess.com"]

[Event "Titled Tuesday Blitz March 08 Early 2022"]
[White "Sahil, Tickoo"]
[Black "Vetokhin, Ilia"]
[WhiteFideId "5019710"]
[BlackFideId "24156078"]
[WhiteElo "2099"]
[BlackElo "1897"]
[Result "0-1"]
[Round "03"]
[TimeControl "180+1"]
[Date "2022.03.09"]
[WhiteClock "0:00:02"]
[BlackClock "0:00:11"]

1. d4 Nf6 2. c4 g6 3. Nc3 Bg7 4. e4 d6 5. Nf3 O-O 6. Be2 c5 7. d5 e6 8. O-O exd5 9. exd5 Bg4 10. h3 Bxf3 11. Bxf3 Nfd7 12. Re1 Na6 13. Bd2 Nc7 14. Qc2 a6 15. Rad1 b5 16. b3 Re8 17. Be2 Rb8 18. Bf1 b4 19. Ne4 Nf8 20. Bf4 Rb6 21. Qd3 h6 22. Qg3 Be5 23. Bxe5 Rxe5 24. Qf4 f5 25. Ng3 Qf6 26. Qxh6 Rb8 27. Nh5 Qf7 28. Rxe5 dxe5 29. Ng3 Ne8 30. h4 Nd6 31. h5 Re8 32. hxg6 Qxg6 33. Qxg6+ Nxg6 34. Nh5 Kf7 35. Re1 a5 36. Ng3 a4 37. Bd3 e4 38. Bc2 axb3 39. Bxb3 Ne5 40. Re3 f4 41. Rxe4 Nxe4 42. Nxe4 Nxc4 43. f3 Na5 44. Nd6+ Ke7 45. Nxe8 Nxb3 46. axb3 c4 47. Nc7 cxb3 0-1


[Site "https://www.chess.com"]

[Event "Titled Tuesday Blitz March 08 Early 2022"]
[White "Sahin, Handenur"]
[Black "Carre, Sylvain"]
[WhiteFideId "6334865"]
[BlackFideId "642118"]
[WhiteElo "2166"]
[BlackElo "2105"]
[Result "0-1"]
[Round "03"]
[TimeControl "180+1"]
[Date "2022.03.09"]
[WhiteClock "0:00:05"]
[BlackClock "0:00:07"]

1. e4 e5 2. Nf3 Nf6 3. Nxe5 d6 4. Nf3 Nxe4 5. Nc3 Nxc3 6. dxc3 Be7 7. Be3 Nc6 8. Qd2 a6 9. Bd3 h6 10. O-O-O Be6 11. Kb1 Qd7 12. Nd4 Ne5 13. Nxe6 fxe6 14. f4 Nxd3 15. Qxd3 O-O-O 16. Qd4 Bf6 17. Qa7 Qc6 18. g3 Kd7 19. Bc1 Qb5 20. Qe3 Rhe8 21. Rhe1 Kc8 22. b3 Kb8 23. c4 Qc6 24. Bb2 Bxb2 25. Kxb2 e5 26. Qf2 e4 27. Re3 Re7 28. Rd4 Rde8 29. Qe2 b6 30. Rd5 a5 31. a4 Qd7 32. Qd2 Qc6 33. Qd4 Kb7 34. g4 Qd7 35. h3 Qe6 36. Qd2 Qf6+ 37. Kb1 Qxf4 38. Rb5 Re5 39. c5 Rxc5 40. Rxc5 dxc5 41. Qe2 Re5 42. Kb2 Re7 43. Qe1 Qe5+ 44. c3 c6 45. Re2 e3 46. Qd1 Kc7 47. Qg1 Qe4 48. Qg3+ Kb7 49. Ka3 b5 50. Qd6 Qe5 51. Qd8 Qc7 52. Qd3 b4+ 53. cxb4 cxb4+ 54. Ka2 Qe5 55. Qd8 Qc7 56. Qd3 c5 57. Qc4 Qc6 58. Qd3 Qe6 59. Qb5+ Qb6 60. Qd3 c4 61. Qxc4 Qc6 62. Qxc6+ Kxc6 63. Kb2 Kd5 64. Kc2 Kd4 65. Re1 Rc7+ 66. Kd1 Kd3 67. Rxe3+ Kxe3 68. h4 g5 69. hxg5 hxg5 70. Ke1 Rc1# 0-1


[Site "https://www.chess.com"]

[Event "Titled Tuesday Blitz March 08 Early 2022"]
[White "Sailer, Mike"]
[Black "Petrova, Irina"]
[WhiteFideId "2012901"]
[BlackFideId "14124122"]
[WhiteElo "2109"]
[BlackElo "1993"]
[Result "0-1"]
[Round "03"]
[TimeControl "180+1"]
[Date "2022.03.09"]
[WhiteClock "0:00:27"]
[BlackClock "0:01:22"]

1. d4 d6 2. Nf3 g6 3. Bf4 Bg7 4. e3 Nd7 5. Be2 e5 6. Bg3 Ne7 7. c4 Nf5 8. Nc3 O-O 9. b4 Nxg3 10. hxg3 exd4 11. exd4 c5 12. bxc5 dxc5 13. Nd5 cxd4 14. Nxd4 Nb6 15. Nb3 Nxd5 16. cxd5 Bxa1 17. Nxa1 Qa5+ 18. Kf1 Bd7 19. Qc1 Qxa2 20. Nc2 f5 21. Ne3 Rac8 22. Qd1 Qb2 23. Kg1 Rc1 0-1


[Site "https://www.chess.com"]

[Event "Titled Tuesday Blitz March 08 Early 2022"]
[White "Samadov, Read"]
[Black "Eynullayev, Atilla"]
[WhiteFideId "13417444"]
[BlackFideId "13413570"]
[WhiteElo "2084"]
[BlackElo "1979"]
[Result "0-1"]
[Round "03"]
[TimeControl "180+1"]
[Date "2022.03.09"]
[WhiteClock "0:00:01"]
[BlackClock "0:00:06"]

1. d4 Nf6 2. Nf3 e6 3. c4 d5 4. Nc3 dxc4 5. e3 a6 6. a4 c5 7. Bxc4 Nc6 8. O-O Be7 9. Qe2 cxd4 10. Rd1 e5 11. exd4 exd4 12. Nxd4 Nxd4 13. Qe3 Qb6 14. Rxd4 O-O 15. a5 Qc5 16. Na4 Qc7 17. Nb6 Rb8 18. Qf4 Bd8 19. b3 Be6 20. Ba3 Qxf4 21. Rxf4 Bxb6 22. Bxe6 fxe6 23. Bxf8 Bc7 24. Rc4 Be5 25. Re1 Kxf8 26. Rxe5 Rd8 27. f3 Rd1+ 28. Kf2 Rd2+ 29. Re2 Rd6 30. Rb4 Nd5 31. Rxb7 Nf4 32. Re4 g5 33. Ke3 Rd3+ 34. Kf2 Rd2+ 0-1


[Site "https://www.chess.com"]

[Event "Titled Tuesday Blitz March 08 Early 2022"]
[White "Samaganova, Aleksandra"]
[Black "Vivas Zamora, Fabian Ernesto"]
[WhiteFideId "13800221"]
[BlackFideId "3902480"]
[WhiteElo "1859"]
[BlackElo "1966"]
[Result "0-1"]
[Round "03"]
[TimeControl "180+1"]
[Date "2022.03.09"]
[WhiteClock "0:00:04"]
[BlackClock "0:00:06"]

1. c4 Nf6 2. Nc3 c5 3. Nf3 d5 4. cxd5 Nxd5 5. d4 g6 6. e4 Nxc3 7. bxc3 Bg7 8. Be3 Qa5 9. Qd2 Nc6 10. Be2 cxd4 11. cxd4 Qxd2+ 12. Kxd2 O-O 13. Rab1 Rd8 14. Kc3 Bg4 15. Rxb7 Bxf3 16. Bxf3 Nxd4 17. Bxd4 Bxd4+ 18. Kb3 Rab8 19. Rxb8 Rxb8+ 20. Kc4 Bxf2 21. Rd1 Rc8+ 22. Kb3 Rc7 23. Rd2 Bb6 24. Rd5 Kg7 25. h3 f6 26. Rb5 e5 27. a4 Bd4 28. a5 a6 29. Rb8 Rc5 30. Kb4 Rc1 31. Ka4 Ra1+ 32. Kb3 Rb1+ 33. Kc4 Rxb8 0-1


[Site "https://www.chess.com"]

[Event "Titled Tuesday Blitz March 08 Early 2022"]
[White "Samunenkov, Ihor"]
[Black "Hess, Max"]
[WhiteFideId "14187086"]
[BlackFideId "24656666"]
[WhiteElo "2708"]
[BlackElo "2481"]
[Result "1-0"]
[Round "03"]
[TimeControl "180+1"]
[Date "2022.03.09"]
[WhiteClock "0:00:12"]
[BlackClock "0:00:08"]

1. d4 d5 2. c4 e6 3. Nc3 Nf6 4. cxd5 exd5 5. Bg5 Be7 6. e3 h6 7. Bh4 O-O 8. Bd3 Re8 9. Nge2 c6 10. Qc2 Nbd7 11. O-O Nh5 12. Bxe7 Qxe7 13. Rae1 Nf8 14. Nc1 Nf6 15. Nb3 a5 16. Na4 Ne4 17. Nb6 Ra7 18. f3 Nd6 19. Qc5 Bf5 20. Nxd5 cxd5 21. Bxf5 Nxf5 22. Qxa7 Nxe3 23. Rf2 Ng6 24. Qxa5 Nf4 25. Qd2 Qg5 26. Kh1 Nfxg2 27. Rxg2 Qf4 28. Qf2 Re6 29. Rgg1 Nf5 30. Rxe6 fxe6 31. Rg4 Qc7 32. Qd2 Qc4 33. Rg1 Kf7 34. Rc1 Qb5 35. Kg2 Kf6 36. Kf2 g5 37. Qe2 Qb6 38. Qe5+ Kf7 39. Qc7+ Qxc7 40. Rxc7+ Kf6 41. Rxb7 1-0


[Site "https://www.chess.com"]